[Event "Gibraltar Masters 18th"]
[Site "Gibraltar"]
[Date "2020.01.24"]
[Round "4.39"]
[White "Hjartarson, Johann"]
[Black "Beinoras, Mindaugas"]
[Result "1-0"]
[ECO "A20"]
[WhiteElo "2524"]
[BlackElo "2355"]
[PlyCount "127"]
[EventDate "2020.01.21"]
[EventType "swiss"]
[EventRounds "10"]
[EventCountry "GGB"]
[SourceTitle "BritBase"]
[Source "John Saunders"]
[SourceDate "2021.06.05"]
[SourceVersion "1"]
[SourceVersionDate "2021.06.05"]
[SourceQuality "1"]
[TimeControl "40/100:0"]
[WhiteClock "0:09:54"]
[BlackClock "0:04:23"]

1. c4 e5 2. g3 Nf6 3. Bg2 d5 4. cxd5 Nxd5 5. Nf3 Nc6 6. O-O Nb6 7. b3 Bd6 8. Bb2 O-O 9. d3 Re8 10. Nbd2 Bg4 11. h3 Bh5 12. Rc1 f5 13.
Nc4 Nxc4 14. bxc4 Bc5 15. Qb3 Rb8 16. e3 Kh8 17. Rfd1 Qe7 18.
d4 Bb6 19. d5 Bxf3 20. Bxf3 Nd8 21. Qc2 Bc5 22. Qxf5 Rf8 23. Qh5 Nf7 24. Bg2 Rbe8 25. Rc2 Nd6 26. Rf1 b6 27. Kh2 e4 28. h4 Rf5 29. Qg4 Ref8 30.
Kg1 Qf7 31. Qe2 h5 32. Bd4 Qg6 33. Qd2 Bxd4 34. Qxd4 Re8 35. c5 bxc5 36. Qxc5 Re7 37. Qxa7 Qf7 38. Rd1 Kh7 39. Qc5 Qe8 40. Qa5 Qb8 41. Rdc1 Ne8 42. Qd2 Nf6 43. Rc5 Qd8 44. R1c4 Kh8 45. Qa5 Qd6 46. Qa8+ Re8 47. Qc6 Qf8 48. Rc2 Rb8 49. Qxc7 Rb1+ 50. Rc1 Rb2 51. Qc8 Ne8 52. R5c2 Rxf2 53. Rxb2 Rxb2 54. Rf1 Qg8 55. Bxe4 Nf6 56. Qxg8+ Kxg8 57. Bg6 Rxa2 58. Rc1 Kf8 59. d6 Ra8 60. e4 Nd7 61. Bxh5 Rd8 62. Rf1+ Kg8 63. Bf7+ Kh7 64. Rf5 1-0

[Event "Gibraltar Masters 18th"]
[Site "Gibraltar"]
[Date "2020.01.24"]
[Round "4.40"]
[White "Mendonca, Leon Luke"]
[Black "Sadhwani, Raunak"]
[Result "1/2-1/2"]
[ECO "A85"]
[WhiteElo "2417"]
[BlackElo "2522"]
[PlyCount "85"]
[EventDate "2020.01.21"]
[EventType "swiss"]
[EventRounds "10"]
[EventCountry "GGB"]
[SourceTitle "BritBase"]
[Source "John Saunders"]
[SourceDate "2021.06.05"]
[SourceVersion "1"]
[SourceVersionDate "2021.06.05"]
[SourceQuality "1"]
[TimeControl "40/100:0"]
[WhiteClock "0:48:37"]
[BlackClock "1:08:46"]

1. d4 f5 2. c4 Nf6 3. Nc3 g6 4. h4 d6 5. h5 Nxh5 6. Rxh5 gxh5 7. e4 Bg7 8.
Qxh5+ Kd7 9. Nf3 Qe8 10. Qxf5+ Kd8 11. Qf4 Rf8 12. Qh4 Nc6 13. Be3 Qg6 14. O-O-O Bf6 15. Qh2 Bg4 16. e5 Bg7 17. Bd3 Qh5 18. Qg3 Bh6 19. Be4 Bf5 20. Bxh6 Qxh6+ 21. Ng5 Qg6 22. Qe3 h6 23. Bxf5 Qxf5 24. Nf3 Qf4 25. e6 Kc8 26. d5 Ne5 27. Nxe5 dxe5 28. Ne4 Qxe3+ 29. fxe3 b6 30. Kd2 Kb7 31. Rh1 Rg8 32. g3 Rg6 33. Rf1 Rd8 34. Ke2 Rg4 35. Kd3 c6 36. Rf7 cxd5 37. Rxe7+ Kc6 38. Nf6 dxc4+ 39. Ke2 Rxg3 40. Rxa7 Rg2+ 41. Ke1 Rg1+ 42. Ke2 Rg2+ 43. Ke1 1/2-1/2

[Event "Gibraltar Masters 18th"]
[Site "Gibraltar"]
[Date "2020.01.24"]
[Round "4.41"]
[White "Kulkarni, Bhakti"]
[Black "Flom, Gabriel"]
[Result "1/2-1/2"]
[ECO "A67"]
[WhiteElo "2404"]
[BlackElo "2510"]
[PlyCount "165"]
[EventDate "2020.01.21"]
[EventType "swiss"]
[EventRounds "10"]
[EventCountry "GGB"]
[SourceTitle "BritBase"]
[Source "John Saunders"]
[SourceDate "2021.06.05"]
[SourceVersion "1"]
[SourceVersionDate "2021.06.05"]
[SourceQuality "1"]
[TimeControl "40/100:0"]
[WhiteClock "0:24:34"]
[BlackClock "0:40:05"]

1. d4 Nf6 2. c4 c5 3. d5 e6 4. Nc3 exd5 5. cxd5 d6 6. e4 g6 7. f4 Bg7 8. Bb5+ Nfd7 9. a4 O-O 10. Nf3 Na6 11. O-O Nb4 12. Bxd7 Bxd7 13. f5 gxf5 14. Bg5 f6 15. Bf4 Re8 16. Nd2 Nd3 17. Bxd6 Qb6 18. Nc4 Nxb2 19. Nxb6 Nxd1 20. Raxd1 axb6 21. exf5 Re3 22. Rc1 Bxa4 23.
Nxa4 Rxa4 24. Bc7 Rd3 25. d6 Bf8 26. Bxb6 c4 27. Rf4 Rxd6 28.
Rg4+ Kf7 29. Bc5 Rc6 30. Bxf8 Kxf8 31. Rd1 Rc7 32. Rd8+ Ke7 33. Rdd4 Kf7 34. Rh4 Ke8 35. Rhe4+ Re7 36. Rg4 Re5 37. Rxc4 Rxc4 38. Rxc4 Kd7 39. Rh4 b5 40. Rxh7+ Kc6 41. g4 b4 42. Rf7 b3 43. Rxf6+ Kc7 44. Rf7+ Kc6 45. Rf6+ Kb7 46. Rf7+ Ka6 47. Rf6+ Ka5 48. Rd6 b2 49. Rd1 Rc5 50. Kf2 Rc1 51. Rd8 b1=Q 52. Ra8+ Kb6 53. Rb8+ Kc7 54. Rxb1 Rxb1 55. f6 Kd6 56. h4 Ke6 57. g5 Kf5 58. Kg3 Rb3+ 59. Kg2 Kg6 60. Kh2 Rf3 61. Kg2 Rf5 62. Kh2 Rf3 63. Kg2 Rc3 64. Kh2 Kh5 65. Kg2 Ra3 66. Kh2 Ra4 67. Kg3 Kg6 68. Kh3 Kf5 69. Kg3 Ra3+ 70. Kg2 Ra8 71. Kg3 Rb8 72. Kf3 Rc8 73. Kg3 Rc4 74. Kh3 Rf4 75. Kg3 Ke5 76. Kh3 Rf3+ 77. Kg2 Ra3 78. f7 Ra8 79. g6 Kf6 80. h5 Kg7 81. Kg3 Rf8 82. Kg4 Rxf7 83.
gxf7 1/2-1/2

[Event "Gibraltar Masters 18th"]
[Site "Gibraltar"]
[Date "2020.01.24"]
[Round "4.42"]
[White "Barbosa, Evandro Amorim"]
[Black "Petrov, Vladimir Sergeev"]
[Result "1-0"]
[ECO "B90"]
[WhiteElo "2501"]
[BlackElo "2353"]
[PlyCount "69"]
[EventDate "2020.01.21"]
[EventType "swiss"]
[EventRounds "10"]
[EventCountry "GGB"]
[SourceTitle "BritBase"]
[Source "John Saunders"]
[SourceDate "2021.06.05"]
[SourceVersion "1"]
[SourceVersionDate "2021.06.05"]
[SourceQuality "1"]
[TimeControl "40/100:0"]
[WhiteClock "0:15:01"]
[BlackClock "0:00:45"]

1. e4 c5 2. Nf3 d6 3. d4 cxd4 4. Nxd4 Nf6 5. Nc3 a6 6. Bd3 e5 7. Nde2 b5 8. O-O b4 9. Nd5 Nxd5 10. exd5 f5 11. f4 e4 12. Bc4 Nd7 13.
Nd4 Nf6 14. h3 g6 15. Be3 Bg7 16. Qd2 a5 17. Bb5+ Kf7 18. Nc6 Qc7 19. a3 Bd7 20. axb4 axb4 21. Qxb4 Nxd5 22. Qc4 Be6 23. Rad1 Rhc8 24. Rxd5 Bxb2 25. Rfd1 Ra1 26. Rxa1 Bxa1 27. Bd4 Bxd4+ 28.
Qxd4 Bxd5 29. Qxd5+ Kg7 30. Qd4+ Kh6 31. Qf6 d5 32. Nd4 Qxf4 33. Ne6 Qc1+ 34. Kh2 Kh5 35. Be2+ 1-0

[Event "Gibraltar Masters 18th"]
[Site "Gibraltar"]
[Date "2020.01.24"]
[Round "4.43"]
[White "Soumya, Swaminathan"]
[Black "Gagare, Shardul"]
[Result "0-1"]
[ECO "C11"]
[WhiteElo "2384"]
[BlackElo "2481"]
[PlyCount "74"]
[EventDate "2020.01.21"]
[EventType "swiss"]
[EventRounds "10"]
[EventCountry "GGB"]
[SourceTitle "BritBase"]
[Source "John Saunders"]
[SourceDate "2021.06.05"]
[SourceVersion "1"]
[SourceVersionDate "2021.06.05"]
[SourceQuality "1"]
[TimeControl "40/100:0"]
[WhiteClock "0:00:33"]
[BlackClock "0:09:38"]

1. e4 e6 2. d4 d5 3. Nc3 Nf6 4. e5 Nfd7 5. f4 c5 6. Nf3 Nc6 7. Be3 a6 8. Qd2 b5 9. dxc5 Bxc5 10. Bd3 Qb6 11. Bf2 h6 12. O-O O-O 13.
Rad1 Ra7 14. Ne2 Bxf2+ 15. Rxf2 f6 16. exf6 Nxf6 17. h3 Ne4 18. Bxe4 dxe4 19. Nfd4 Rd7 20. Qe3 Bb7 21. c3 Ne7 22. Rdf1 Rf6 23. g4 Nd5 24. Qg3 e3 25. Rf3 b4 26. g5 Rg6 27. h4 bxc3 28.
h5 e5 29. hxg6 exd4 30. Qg4 Rd8 31. f5 d3 32. f6 dxe2 33.
f7+ Kf8 34. gxh6 exf1=Q+ 35. Kxf1 Nf6 36. h7 Rd1+ 37. Kg2 Qxb2+ 0-1

[Event "Gibraltar Masters 18th"]
[Site "Gibraltar"]
[Date "2020.01.24"]
[Round "4.44"]
[White "Pogonina, Natalija"]
[Black "Pourkashiyan, Atousa"]
[Result "1/2-1/2"]
[ECO "E06"]
[WhiteElo "2479"]
[BlackElo "2305"]
[PlyCount "64"]
[EventDate "2020.01.21"]
[EventType "swiss"]
[EventRounds "10"]
[EventCountry "GGB"]
[SourceTitle "BritBase"]
[Source "John Saunders"]
[SourceDate "2021.06.05"]
[SourceVersion "1"]
[SourceVersionDate "2021.06.05"]
[SourceQuality "1"]
[TimeControl "40/100:0"]
[WhiteClock "0:07:16"]
[BlackClock "0:03:56"]

1. d4 Nf6 2. c4 e6 3. g3 d5 4. Bg2 Bb4+ 5. Bd2 Be7 6. Nf3 O-O 7. O-O c6 8. Qc2 b6 9. Bf4 Ba6 10. cxd5 cxd5 11. Rc1 Nbd7 12. Nc3 b5 13. a4 Qb6 14. axb5 Bxb5 15. Nxb5 Qxb5 16. Bf1 Qb4 17. Qc7 Rfd8 18. e3 a5 19. Bd3 Ne4 20. Qc2 h6 21. Ne5 Nxe5 22. Bxe5 Qb7 23. Qe2 Bd6 24. Bxd6 Rxd6 25. Bxe4 dxe4 26. Rc5 Rb6 27. Ra2 a4 28. Qc2 Rb4 29. Kg2 g6 30. Rc4 Rxc4 31. Qxc4 Kg7 32. h3 h5 1/2-1/2

[Event "Gibraltar Masters 18th"]
[Site "Gibraltar"]
[Date "2020.01.24"]
[Round "4.45"]
[White "Trent, Lawrence"]
[Black "Abergel, Thal"]
[Result "1-0"]
[ECO "B13"]
[WhiteElo "2383"]
[BlackElo "2478"]
[PlyCount "51"]
[EventDate "2020.01.21"]
[EventType "swiss"]
[EventRounds "10"]
[EventCountry "GGB"]
[SourceTitle "BritBase"]
[Source "John Saunders"]
[SourceDate "2021.06.05"]
[SourceVersion "1"]
[SourceVersionDate "2021.06.05"]
[SourceQuality "1"]
[TimeControl "40/100:0"]
[WhiteClock "0:17:40"]
[BlackClock "0:18:27"]

1. d4 Nf6 2. Bf4 d5 3. Nc3 c5 4. e3 cxd4 5. exd4 a6 6. Nf3 Nc6 7. Ne5 Bd7 8. Qd3 e6 9. Be2 Qb6 10. Nxc6 Qxc6 11. O-O Rc8 12. Qg3 Qb6 13. Rab1 Qxd4 14. Rfd1 Qb6 15. Be5 Bc6 16. b4 Nd7 17. b5 Nxe5 18. Qxe5 axb5 19. Nxd5 Bxd5 20. Rxd5 f6 21. Bh5+ g6 22. Qxf6 gxh5 23. Rdxb5 Qc6 24. Rxb7 Qd6 25. R7b6 Qd5 26. Rxe6+ 1-0

[Event "Gibraltar Masters 18th"]
[Site "Gibraltar"]
[Date "2020.01.24"]
[Round "4.46"]
[White "Girya, Olga"]
[Black "Weisbuch, Udi"]
[Result "1/2-1/2"]
[ECO "E94"]
[WhiteElo "2477"]
[BlackElo "2222"]
[PlyCount "102"]
[EventDate "2020.01.21"]
[EventType "swiss"]
[EventRounds "10"]
[EventCountry "GGB"]
[SourceTitle "BritBase"]
[Source "John Saunders"]
[SourceDate "2021.06.05"]
[SourceVersion "1"]
[SourceVersionDate "2021.06.05"]
[SourceQuality "1"]
[TimeControl "40/100:0"]
[WhiteClock "0:18:06"]
[BlackClock "0:18:33"]

1. d4 Nf6 2. c4 g6 3. Nc3 Bg7 4. e4 d6 5. Be2 O-O 6. Be3 c6 7. Nf3 e5 8. dxe5 dxe5 9. Qxd8 Rxd8 10. O-O Bg4 11. Rfd1 Re8 12. h3 Bxf3 13. Bxf3 Na6 14. g4 h6 15. h4 Bf8 16. Na4 b6 17. g5 hxg5 18. hxg5 Nh7 19. Bg4 Nc5 20. Nxc5 Bxc5 21. Bd7 Red8 22. Bxc6 Rac8 23. Rxd8+ Rxd8 24. Bd5 Bxe3 25. fxe3 Nxg5 26. b4 Kf8 27. a4 Rb8 28. a5 bxa5 29. b5 Rc8 30. Rxa5 Rc7 31. Ra6 Ne6 32. Bxe6 fxe6 33. Rxe6 Rxc4 34. Rxe5 Rc2 35. Re6 Re2 36. Ra6 Rb2 37. Ra5 Ke8 38. Kf1 Kd8 39. e5 g5 40. Ke1 Kc8 41. e6 Kd8 42. Kd1 Ke7 43. Rxa7+ Kxe6 44. Rb7 Kd6 45. Ke1 g4 46. Kf1 g3 47. b6 Rf2+ 48. Ke1 Rb2 49. Rg7 g2 50.
b7 Rxb7 51. Rxg2 Rb1+ 1/2-1/2

[Event "Gibraltar Masters 18th"]
[Site "Gibraltar"]
[Date "2020.01.24"]
[Round "4.47"]
[White "Abdumalik, Zhansaya"]
[Black "Represa Perez, Mireya"]
[Result "1-0"]
[ECO "B90"]
[WhiteElo "2471"]
[BlackElo "2081"]
[PlyCount "85"]
[EventDate "2020.01.21"]
[EventType "swiss"]
[EventRounds "10"]
[EventCountry "GGB"]
[SourceTitle "BritBase"]
[Source "John Saunders"]
[SourceDate "2021.06.05"]
[SourceVersion "1"]
[SourceVersionDate "2021.06.05"]
[SourceQuality "1"]
[TimeControl "40/100:0"]
[WhiteClock "1:02:01"]
[BlackClock "0:04:25"]

1. e4 c5 2. Nf3 d6 3. d4 cxd4 4. Nxd4 Nf6 5. Nc3 a6 6. h3 e5 7. Nb3 b5 8. g4 b4 9. Nd5 Nxd5 10. Qxd5 Ra7 11. Be3 Be6 12. Qa5 Qxa5 13. Nxa5 Rd7 14. Nc4 Rc7 15. b3 h5 16. g5 d5 17. exd5 Bxd5 18. Rh2 f6 19. f4 Bc5 20. Bxc5 Rxc5 21. gxf6 gxf6 22. O-O-O a5 23. Rhd2 Bxc4 24. Rd8+ Ke7 25. Rxh8 Bxf1 26.
Rxf1 Nc6 27. Rxh5 Nd4 28. fxe5 fxe5 29. Rf2 Ke6 30. Kb2 Rc8 31. Rh6+ Kd5 32. Rg2 Ke4 33. Rf6 Ke3 34. h4 e4 35. h5 Nf3 36. h6 Ne1 37. Rh2 Nf3 38. Rh3 Kf2 39. h7 Rh8 40. Rg6 e3 41.
Rf6 Rxh7 42. Rfxf3+ Kg2 43. Rhg3+ 1-0

[Event "Gibraltar Masters 18th"]
[Site "Gibraltar"]
[Date "2020.01.24"]
[Round "4.48"]
[White "Lujan, Carolina"]
[Black "Quintiliano Pinto, Renato R"]
[Result "1/2-1/2"]
[ECO "B92"]
[WhiteElo "2330"]
[BlackElo "2471"]
[PlyCount "84"]
[EventDate "2020.01.21"]
[EventType "swiss"]
[EventRounds "10"]
[EventCountry "GGB"]
[SourceTitle "BritBase"]
[Source "John Saunders"]
[SourceDate "2021.06.05"]
[SourceVersion "1"]
[SourceVersionDate "2021.06.05"]
[SourceQuality "1"]
[TimeControl "40/100:0"]
[WhiteClock "0:01:55"]
[BlackClock "0:01:40"]

1. e4 c5 2. Nf3 d6 3. d4 cxd4 4. Nxd4 Nf6 5. Nc3 a6 6. Be3 e5 7. Nb3 Be6 8. Be2 Be7 9. O-O O-O 10. Qd2 Nbd7 11. a4 Rc8 12. a5 Qc7 13.
Rfc1 Qc6 14. Bf3 Rfd8 15. Nd5 Bxd5 16. exd5 Qc4 17. Qd1 Qb5 18. Nd2 Qxb2 19. c4 e4 20. Nxe4 Nxe4 21. Bxe4 Qe5 22. Qd3 Qh5 23. Bf5 g6 24. Bxd7 Rxd7 25. Qe4 Bf6 26. Rab1 Re7 27. Qd3 Bg5 28. f4 Rce8 29. Bd2 Re2 30. Rf1 Qg4 31. Qf3 Qxf3 32. Rxf3 Rxd2 33. fxg5 Ree2 34. Rg3 Re4 35. h3 Rxc4 36. Rxb7 Rxd5 37. Rf3 Rxg5 38. Rfxf7 Rc1+ 39. Kf2 Rf5+ 40. Rxf5 gxf5 41.
Rb6 Rc5 42. Rxa6 Kf7 1/2-1/2

[Event "Gibraltar Masters 18th"]
[Site "Gibraltar"]
[Date "2020.01.24"]
[Round "4.49"]
[White "Garrido Outon, Alex"]
[Black "Ravi, Teja S"]
[Result "0-1"]
[ECO "B11"]
[WhiteElo "2287"]
[BlackElo "2464"]
[PlyCount "100"]
[EventDate "2020.01.21"]
[EventType "swiss"]
[EventRounds "10"]
[EventCountry "GGB"]
[SourceTitle "BritBase"]
[Source "John Saunders"]
[SourceDate "2021.06.05"]
[SourceVersion "1"]
[SourceVersionDate "2021.06.05"]
[SourceQuality "1"]
[TimeControl "40/100:0"]
[WhiteClock "0:12:30"]
[BlackClock "0:49:09"]

1. e4 c6 2. Nc3 d5 3. Nf3 dxe4 4. Nxe4 Nf6 5. Qe2 Nxe4 6. Qxe4 Be6 7. b3 Nd7 8. Bb2 Nf6 9. Qe2 Bg4 10. h3 Bxf3 11. Qxf3 Qd5 12. Be2 e6 13. Qxd5 Nxd5 14. O-O O-O-O 15. d3 Rg8 16. Bf3 Nb4 17. Rfc1 Bc5 18. a3 Na6 19. Rd1 Bd4 20. Bxd4 Rxd4 21. c3 Rd6 22. d4 Nc7 23. b4 Nd5 24. Rdc1 Kc7 25. Rab1 Nb6 26. b5 Re8 27. a4 Nd7 28. Rb4 Rc8 29. bxc6 bxc6 30. Rcb1 Rb8 31. Rxb8 Nxb8 32. a5 Rd8 33. Rb4 Nd7 34. Rc4 c5 35. dxc5 Ne5 36. Rd4 Nxf3+ 37. gxf3 Rxd4 38. cxd4 Kc6 39. f4 Kb5 40. Kf1 Kxa5 41. Ke2 Kb5 42. Kd3 h6 43. h4 a5 44. Ke3 g6 45. Ke4 a4 46. Kd3 f6 47. Kc2 g5 48.
hxg5 hxg5 49. fxg5 fxg5 50. Kd3 g4 0-1

[Event "Gibraltar Masters 18th"]
[Site "Gibraltar"]
[Date "2020.01.24"]
[Round "4.50"]
[White "Vega Gutierrez, Sabrina"]
[Black "Tregubov, Pavel V"]
[Result "1/2-1/2"]
[ECO "E01"]
[WhiteElo "2364"]
[BlackElo "2588"]
[PlyCount "88"]
[EventDate "2020.01.21"]
[EventType "swiss"]
[EventRounds "10"]
[EventCountry "GGB"]
[SourceTitle "BritBase"]
[Source "John Saunders"]
[SourceDate "2021.06.05"]
[SourceVersion "1"]
[SourceVersionDate "2021.06.05"]
[SourceQuality "1"]
[TimeControl "40/100:0"]
[WhiteClock "0:36:41"]
[BlackClock "0:02:19"]

1. d4 Nf6 2. c4 e6 3. Nf3 Nc6 4. g3 d5 5. cxd5 exd5 6. Bg2 Bd6 7. Nc3 h6 8. O-O a6 9. Nh4 Ne7 10. e4 dxe4 11. Nxe4 Nxe4 12. Bxe4 O-O 13. Bc2 Nd5 14. Qd3 Nf6 15. Nf5 Re8 16. Nxd6 cxd6 17. Bf4 Bh3 18. Rfd1 Rc8 19. Ba4 Bd7 20. Bb3 Bb5 21. Qf5 Bd7 22. Qd3 Bb5 23. Qf5 Bc4 24. Bxc4 Rxc4 25. Rac1 Rxc1 26. Rxc1 Qb6 27. Qc2 Qxd4 28. Rd1 Qc5 29. Qb3 d5 30. Be3 Qc6 31. Bd4 Ne4 32. Be3 Nf6 33. Bd4 Ne4 34. Be3 Rd8 35. Rc1 Qd7 36. Bb6 Re8 37. Rd1 Qc6 38. Be3 Rd8 39. Rc1 Qd7 40. Bb6 Re8 41. Rd1 Re5 42. Bd4 Rh5 43. Qf3 Rg5 44. Bxg7 Kxg7 1/2-1/2

[Event "Gibraltar Masters 18th"]
[Site "Gibraltar"]
[Date "2020.01.24"]
[Round "4.51"]
[White "Studer, Noel"]
[Black "Mullick, Raahil"]
[Result "1-0"]
[ECO "D12"]
[WhiteElo "2546"]
[BlackElo "2382"]
[PlyCount "143"]
[EventDate "2020.01.21"]
[EventType "swiss"]
[EventRounds "10"]
[EventCountry "GGB"]
[SourceTitle "BritBase"]
[Source "John Saunders"]
[SourceDate "2021.06.05"]
[SourceVersion "1"]
[SourceVersionDate "2021.06.05"]
[SourceQuality "1"]
[TimeControl "40/100:0"]
[WhiteClock "0:10:55"]
[BlackClock "0:00:48"]

1. d4 d5 2. c4 c6 3. Nf3 Nf6 4. e3 Bf5 5. Nc3 e6 6. Nh4 Be4 7. f3 Bg6 8. Qb3 Qc7 9. Bd2 a6 10. g3 dxc4 11. Bxc4 b5 12. Be2 c5 13. dxc5 Nbd7 14. Nxg6 hxg6 15. c6 Nc5 16. Qc2 Bd6 17. f4 b4 18. Nd1 Qxc6 19. O-O Qb6 20. b3 Nce4 21. Bf3 Nxd2 22. Qxd2 Rd8 23. Qe2 Bc5 24. Kh1 O-O 25. Nb2 Qb5 26. Nc4 Nd5 27. e4 Nc3 28. Qg2 Bd4 29. e5 Bc5 30.
Rae1 Rd4 31. Bc6 Qb8 32. g4 Qd8 33. f5 Qh4 34. Bf3 gxf5 35.
gxf5 exf5 36. Ne3 Rf4 37. Nd5 Nxd5 38. Bxd5 Rg4 39. Qc2 Qe7 40. Qxf5 Rg5 41. Qe4 g6 42. Bc4 Kg7 43. Rf4 a5 44. Qd5 Rh5 45. Rf6 Kh8 46. Qe4 Rd8 47. Rxf7 Rd2 48. Qa8+ Qd8 49. Qxd8+ Rxd8 50. e6 Rd2 51. Re2 Rd1+ 52. Kg2 Rg1+ 53. Kf3 Rf1+ 54. Ke4 Rxf7 55. exf7 Kg7 56. Rd2 Bf8 57. Rf2 Rh4+ 58. Kd5 Rh5+ 59. Ke6 Rc5 60. Rf4 Rc6+ 61. Kd7 Rc5 62. Re4 Rf5 63. Re2 Rf4 64. Be6 Rh4 65. Rg2 Rd4+ 66. Ke8 Bc5 67. Bf5 g5 68. Rxg5+ Kf6 69. Rh5 Bf8 70. Bc2 Kg7 71. Rg5+ Kf6 72. Rg6+ 1-0

[Event "Gibraltar Masters 18th"]
[Site "Gibraltar"]
[Date "2020.01.24"]
[Round "4.52"]
[White "Baron, Tal"]
[Black "Gschnitzer, Oswald"]
[Result "1/2-1/2"]
[ECO "A47"]
[WhiteElo "2529"]
[BlackElo "2361"]
[PlyCount "94"]
[EventDate "2020.01.21"]
[EventType "swiss"]
[EventRounds "10"]
[EventCountry "GGB"]
[SourceTitle "BritBase"]
[Source "John Saunders"]
[SourceDate "2021.06.05"]
[SourceVersion "1"]
[SourceVersionDate "2021.06.05"]
[SourceQuality "1"]
[TimeControl "40/100:0"]
[WhiteClock "0:43:00"]
[BlackClock "0:25:23"]

1. d4 Nf6 2. Nf3 e6 3. Bf4 c5 4. e3 b6 5. Nbd2 Be7 6. h3 Bb7 7. Bd3 Nc6 8. c3 d5 9. Qe2 O-O 10. O-O Bd6 11. Ne5 Ne7 12. Rad1 Qc7 13.
Rfe1 Rad8 14. Qf3 Ng6 15. Qg3 Nh5 16. Qg4 Nf6 17. Qg5 Nxf4 18.
exf4 Ne4 19. Qh5 g6 20. Qh4 Be7 21. Qh6 cxd4 22. cxd4 Bb4 23. Bxe4 dxe4 24. Rc1 Qe7 25. Re2 Rxd4 26. Nb3 Rdd8 27. Rec2 Bd6 28. Nd2 Bb8 29. Nf1 f6 30. Nc6 Bxc6 31. Rxc6 Rd5 32. Qh4 Rf5 33. g3 Bd6 34. Qg4 Rc5 35. R1xc5 bxc5 36. Qe2 f5 37. Ne3 Qd7 38. Qa6 Rd8 39. Kg2 Kf7 40. h4 Ke7 41. b3 Bc7 42. Nc4 e3 43.
Nxe3 Bb6 44. Qa4 Qd4 45. Qc4 Qd7 46. Qa4 Qd4 47. Qc4 Qd7 1/2-1/2

[Event "Gibraltar Masters 18th"]
[Site "Gibraltar"]
[Date "2020.01.24"]
[Round "4.53"]
[White "Abrahamyan, Tatev"]
[Black "Beliavsky, Alexander G"]
[Result "1/2-1/2"]
[ECO "C87"]
[WhiteElo "2363"]
[BlackElo "2529"]
[PlyCount "141"]
[EventDate "2020.01.21"]
[EventType "swiss"]
[EventRounds "10"]
[EventCountry "GGB"]
[SourceTitle "BritBase"]
[Source "John Saunders"]
[SourceDate "2021.06.05"]
[SourceVersion "1"]
[SourceVersionDate "2021.06.05"]
[SourceQuality "1"]
[TimeControl "40/100:0"]
[WhiteClock "0:05:31"]
[BlackClock "0:47:28"]

1. e4 e5 2. Nf3 Nc6 3. Bb5 a6 4. Ba4 Nf6 5. O-O Be7 6. d3 d6 7. c3 O-O 8. Nbd2 Bg4 9. h3 Bh5 10. Re1 b5 11. Bc2 d5 12. Nf1 dxe4 13.
dxe4 Qxd1 14. Rxd1 Bxf3 15. gxf3 Bd6 16. Ng3 g6 17. Bh6 Rfe8 18. Nf1 Nd8 19. Ne3 Ne6 20. Bb3 Nh5 21. a4 Rab8 22. axb5 axb5 23. Kh2 Nc5 24. Bd5 b4 25. Nc4 Bf8 26. Bxf8 Kxf8 27. Ra7 Re7 28. Na5 bxc3 29. bxc3 Rd7 30. Nc6 Re8 31. Rb1 Nf4 32. Rb5 Ncd3 33. c4 Kg7 34. Rbb7 Rc8 35. Nb8 Re7 36. Nc6 Rd7 37. Nb8 Re7 38. Na6 h5 39. c5 Kh6 40. c6 Ne6 41. Bxe6 Rxe6 42. Rb8 Rxb8 43. Nxb8 Rf6 44. Rxc7 Rxf3 45. Rd7 Nf4 46. c7 Rxf2+ 47. Kg1 Rc2 48. Na6 Ne6 49. Rxf7 Kg5 50. Re7 Kf6 51. Re8 Nxc7 52. Rc8 Rc6 53.
Nxc7 Kg5 54. Kg2 Kh4 55. Rg8 Rxc7 56. Rxg6 Rc2+ 57. Kf3 Rc3+ 58. Kf2 Rc5 59. Kg2 Ra5 60. Rg7 Ra1 61. Rg6 Re1 62. Kf3 Rf1+ 63. Ke3 Ra1 64. Kf3 Ra2 65. Rg7 Ra4 66. Rg8 Ra7 67. Kg2 Ra3 68. Re8 Ra2+ 69. Kf3 Ra5 70. Kg2 Kg5 71. Rf8 1/2-1/2

[Event "Gibraltar Masters 18th"]
[Site "Gibraltar"]
[Date "2020.01.24"]
[Round "4.54"]
[White "Libiszewski, Fabien"]
[Black "Borocz, Istvan"]
[Result "1/2-1/2"]
[ECO "B91"]
[WhiteElo "2522"]
[BlackElo "2337"]
[PlyCount "67"]
[EventDate "2020.01.21"]
[EventType "swiss"]
[EventRounds "10"]
[EventCountry "GGB"]
[SourceTitle "BritBase"]
[Source "John Saunders"]
[SourceDate "2021.06.05"]
[SourceVersion "1"]
[SourceVersionDate "2021.06.05"]
[SourceQuality "1"]
[TimeControl "40/100:0"]
[WhiteClock "0:02:10"]
[BlackClock "0:04:32"]

1. e4 c5 2. Nf3 d6 3. d4 cxd4 4. Nxd4 Nf6 5. Nc3 a6 6. g3 e5 7. Nb3 Be7 8. Bg5 Nbd7 9. a4 b6 10. Bc4 Bb7 11. Nd2 h6 12. Be3 Qc7 13.
Qe2 Nc5 14. Bxc5 Qxc5 15. O-O O-O 16. Rad1 Rfc8 17. Rfe1 Bd8 18. Bb3 b5 19. axb5 Ba5 20. Qc4 Bxc3 21. Qxf7+ Kh8 22. bxc3 axb5 23. Qg6 Rf8 24. Re3 Bc8 25. Nf3 Bg4 26. h3 Bh5 27. Qf5 Bxf3 28. Rxf3 Nh7 29. Qg4 Rxf3 30. Qxf3 Ng5 31. Qf5 Nh7 32. Qf3 Ng5 33. Qf5 Nh7 34. Qf3 1/2-1/2

[Event "Gibraltar Masters 18th"]
[Site "Gibraltar"]
[Date "2020.01.24"]
[Round "4.55"]
[White "Barrish, Daniel"]
[Black "Petrov, Martin"]
[Result "0-1"]
[ECO "D35"]
[WhiteElo "2352"]
[BlackElo "2504"]
[PlyCount "106"]
[EventDate "2020.01.21"]
[EventType "swiss"]
[EventRounds "10"]
[EventCountry "GGB"]
[SourceTitle "BritBase"]
[Source "John Saunders"]
[SourceDate "2021.06.05"]
[SourceVersion "1"]
[SourceVersionDate "2021.06.05"]
[SourceQuality "1"]
[TimeControl "40/100:0"]
[WhiteClock "0:09:24"]
[BlackClock "0:28:07"]

1. d4 Nf6 2. c4 e6 3. Nc3 d5 4. cxd5 exd5 5. Bg5 c6 6. e3 h6 7. Bh4 Be7 8. Bd3 Nbd7 9. Nge2 O-O 10. O-O Re8 11. f3 c5 12. Bf2 b6 13. g4 Nf8 14. Kg2 a6 15. Rh1 b5 16. a3 Ne6 17. h4 Bb7 18. Bf5 Bd6 19. Rh3 g6 20.
Bc2 h5 21. g5 cxd4 22. exd4 Nd7 23. Bg3 Nb6 24. b3 Rc8 25. Bxd6 Qxd6 26. Qd2 Rc7 27. f4 Bc8 28. Re3 Ng7 29. Rxe8+ Nxe8 30. Nd1 Ng7 31. Ne3 Re7 32. Kf3 Bg4+ 33. Nxg4 hxg4+ 34. Kxg4 Qe6+ 35. Kf3 Qh3+ 36. Ng3 Nh5 37. Rg1 Qxh4 38. Nxh5 Qxh5+ 39. Kf2 Nc8 40. Bd3 Nd6 41. Qc1 Ne4+ 42. Bxe4 Rxe4 43. Kg3 Qe2 44. Rg2 Re3+ 45. Kh2 Qf3 46. f5 Rc3 47. Qd2 Rd3 48. Qc2 Qf4+ 49. Kg1 Qxd4+ 50. Kf1 Rf3+ 51. Ke1 Qe3+ 52. Re2 Qg1+ 53. Kd2 Qxg5+ 0-1